Map: 2000 Atmospheres LE

Players

Starfish - Winner!

  • Race: Zerg Zerg
  • League: Master

Shampoo

  • Race: Protoss Protoss
  • League: Master

VOD

Have the link to the VOD?

Description

Time

  • Played on: Aug. 9, 2021, 10:55 p.m.
  • Length: 9:54
Show
View Real Time Build Order
Export as new Build Order

Starfish Zerg - Winner!

Build Orders: Hatch First, Roach Hydra 

Get SALT Encoding   

  12  0:00  Drone  
  13  0:08  Drone  
  14  0:16  Extractor, Drone  
  15  0:37  Hatchery  
  14  0:43  Extractor, Drone  
  15  0:55  Spawning Pool  
  14  1:09  Overlord  
  14  1:12  Extractor, Drone  
  15  1:27  Drone x2  
  17  1:46  Zergling x4, Queen  
  21  1:49  Zergling x2  
  21  1:52  Queen  
  24  1:58  Drone  
  25  2:01  Drone  
  24  2:34  Drone x4  
  27  2:38  Overlord  
  27  2:48  Overlord, Drone x2  
  25  3:02  Drone x2  
  27  3:09  Drone x2  
  27  3:12  Extractor  
  28  3:23  Zergling x2  
  28  3:25  Drone  
  30  3:30  Hatchery  
  29  3:36  Drone x6  
  35  3:49  Drone x4  
  39  4:00  Overlord  
  39  4:01  Drone  
  40  4:09  Queen  
  42  4:12  Drone  
  42  4:15  Metabolic Boost  
  43  4:18  Overlord x2  
  43  4:19  Drone x4  
  47  4:33  Roach Warren  
  46  4:43  Evolution Chamber  
  46  4:45  Zergling x8  
  47  4:46  Zergling x4  
  47  4:47  Drone x4  
  47  4:51  Extractor  
  53  4:53  Lair  
  53  4:54  Extractor  
  52  5:03  Spore Crawler  
  52  5:06  Spine Crawler  
  50  5:13  Drone x2  
  50  5:14  Drone  
  53  5:17  Extractor, Drone x2  
  53  5:18  Drone  
  53  5:19  Drone x2  
  56  5:27  Spore Crawler  
  54  5:28  Drone  
  54  5:29  Drone, Queen  
  54  5:32  Drone  
  54  5:33  Drone x6  
  65  5:53  Drone  
  65  5:54  Drone x8  
  74  6:02  Glial Reconstitution  
  74  6:03  Zerg Missile Weapons Level 1  
  74  6:16  Drone, Spore Crawler  
  74  6:17  Overlord x3  
  74  6:20  Hatchery  
  73  6:28  Hydralisk Den  
  71  6:41  Zergling x32  
  87  6:58  Overlord x3  
  87  7:06  Muscular Augments  
  87  7:07  Drone x2, Lurker Den  
  87  7:16  Hydralisk x12  
  111  7:27  Roach  
  111  7:28  Overlord x3  
  113  7:35  Roach  
  113  7:36  Roach x2  
  119  7:41  Overlord x2  
  121  7:51  Roach x11  
  141  8:05  Extractor, Drone x2  
  141  8:06  Extractor, Drone  
  141  8:07  Drone x3  
  141  8:08  Drone x2  
  141  8:09  Overlord x2  
  141  8:11  Overseer  
  147  8:13  Ravager  
  147  8:16  Ravager  
  147  8:17  Grooved Spines  
  149  8:20  Drone x2  
  148  8:33  Roach x2  
  148  8:34  Roach x6  
  160  8:55  Infestation Pit  
  151  9:22  Roach x10  
  157  9:36  Lurker  
Show
View Real Time Build Order
Export as new Build Order

Shampoo Protoss 

Build Orders: Cannon Rush, Forge Fast Expand (FFE) 

Get SALT Encoding   

  12  0:00  Probe  
  13  0:12  Probe  
  14  0:18  Pylon  
  14  0:24  Probe (Chrono Boost)  
  15  0:37  Probe (Chrono Boost)  
  16  0:45  Probe (Chrono Boost)  
  16  0:49  Pylon  
  17  0:51  Forge  
  17  0:53  Probe  
  18  1:08  Probe  
  19  1:29  Nexus  
  19  1:33  Pylon  
  19  1:52  Photon Cannon  
  19  1:53  Photon Cannon  
  19  1:55  Photon Cannon  
  19  2:03  Photon Cannon  
  19  2:10  Pylon  
  19  2:16  Photon Cannon  
  19  2:21  Photon Cannon  
  18  2:41  Assimilator  
  18  2:45  Gateway  
  18  2:51  Gateway  
  18  2:53  Pylon, Probe (Chrono Boost)  
  19  2:59  Probe (Chrono Boost)  
  21  3:05  Probe (Chrono Boost)  
  21  3:06  Pylon  
  21  3:10  Probe (Chrono Boost)  
  21  3:11  Probe (Chrono Boost)  
  22  3:16  Probe  
  24  3:21  Probe  
  25  3:28  Probe  
  25  3:32  Zealot  
  28  3:40  Cybernetics Core  
  28  3:42  Probe x2  
  30  3:54  Probe x2  
  32  3:59  Assimilator  
  32  4:06  Probe x2  
  34  4:17  Adept x2 (Chrono Boost)  
  34  4:18  Probe x2  
  34  4:21  Stargate  
  40  4:30  Probe  
  40  4:31  Probe, Warp Gate  
  42  4:37  Assimilator  
  42  4:43  Probe x2  
  44  4:50  Sentry  
  46  4:55  Probe x2  
  46  4:58  Pylon  
  48  5:04  Stalker  
  50  5:07  Probe x2  
  52  5:23  Nexus  
  52  5:30  Probe x2  
  54  5:37  Void Ray (Chrono Boost)  
  54  5:42  Probe x2  
  60  5:50  Twilight Council  
  60  5:52  Robotics Facility, Forge  
  60  5:54  Probe x2  
  60  5:58  Gateway  
  60  5:59  Gateway  
  60  6:01  Sentry, Pylon, Stalker  
  60  6:02  Gateway  
  62  6:10  Assimilator  
  62  6:29  Charge  
  62  6:36  Probe  
  62  6:37  Probe x2  
  63  6:40  Protoss Ground Weapons Level 1 (Chrono Boost)  
  63  6:45  Observer  
  64  6:48  Probe  
  64  6:49  Probe x2  
  67  6:55  Pylon  
  67  6:57  Protoss Ground Armor Level 1 (Chrono Boost), Gateway  
  67  6:59  Gateway  
  67  7:01  Probe x3  
  69  7:02  Photon Cannon  
  69  7:04  Photon Cannon  
  69  7:06  Shield Battery  
  70  7:08  Zealot x2  
  70  7:09  Zealot x3  
  70  7:12  Warp Prism  
  82  7:22  Probe x3  
  85  7:29  Assimilator  
  85  7:34  Probe x2  
  85  7:35  Probe  
  88  7:42  Pylon x2  
  88  7:46  Probe x2  
  88  7:48  Zealot  
  92  7:52  Pylon  
  92  7:54  Photon Cannon  
  92  8:00  Robotics Bay  
  92  8:03  Assimilator  
  92  8:08  Robotics Facility  
  92  8:15  Zealot x7  
  92  8:35  Stalker x5  
  92  8:36  Zealot x2  
  106  8:53  Disruptor (Chrono Boost)  
  109  8:57  Stalker  
  109  9:00  Zealot  
  109  9:01  Zealot x3  
  115  9:06  Disruptor (Chrono Boost)  
  102  9:13  Stalker x2  
  100  9:22  Zealot x4  
  100  9:23  Zealot  
  94  9:44  Zealot x4  
  94  9:45  Zealot x2  
Tags
 
Add a new tag
Caveats
  • Supply blocks, unpowered buildings, or Contaminate may cause inaccurate times.
  • Supply counts are checked every 10 seconds.